 Dungeon Crawl Stone Soup version 0.21.0-3-g78d12a8 (webtiles) character file.

12569 zhorgal the Spear-Bearer (level 11, 0/90 HPs)
             Began as a Merfolk Gladiator on Jan 14, 2018.
             Was a High Priest of Nemelex Xobeh.
             Succumbed to a black mamba's poison
             ... on level 3 of the Lair of Beasts on Jan 15, 2018.
             The game lasted 01:30:23 (16084 turns).

zhorgal the Spear-Bearer (Merfolk Gladiator)       Turns: 16084, Time: 01:30:25

Health: 0/90       AC: 11    Str: 17    XL:     11   Next: 95%
Magic:  10/18      EV: 22    Int:  9    God:    Nemelex Xobeh [*****.]
Gold:   578        SH:  0    Dex: 20    Spells: 5/10 levels left

rFire    . . .     SeeInvis .   g - +1 halberd
rCold    + . .     Gourm    .   (shield currently unavailable)
rNeg     . . .     Faith    +   J - +3 leather armour {rC+}
rPois    .         Spirit   .   q - +1 helmet
rElec    .         Reflect  .   j - +0 cloak
rCorr    .         Harm     .   K - +0 pair of gloves
MR       .....                  F - +0 pair of boots
Stlth    ++........             U - amulet of faith
HPRegen  0.25/turn              O - +2 ring of strength
MPRegen  0.16/turn              C - +3 ring of dexterity

@: lethally poisoned (0 -> -51)
A: change form in water, swift swim, stealthy swim
a: Triple Draw, Deal Four, Stack Five, Renounce Religion


You were on level 3 of the Lair of Beasts.
You worshipped Nemelex Xobeh.
Nemelex Xobeh was extremely pleased with you.
You were not hungry.

You visited 2 branches of the dungeon, and saw 12 of its levels.
You also visited: Labyrinth.

You collected 578 gold pieces.

Inventory:

Hand Weapons
 a - a +0 trident
 g - a +1 halberd (weapon)
 H - a +0 glaive
Missiles
 d - 3 throwing nets
 l - 2 tomahawks of returning
 B - 21 tomahawks (quivered)
Armour
 j - a +0 cloak (worn)
 q - a +1 helmet (worn)
 v - a +0 shield
 F - a +0 pair of boots (worn)
 I - a scarf of repulsion
 J - a +3 leather armour of cold resistance (worn)
 K - a +0 pair of gloves (worn)
Jewellery
 y - an uncursed ring of positive energy
 C - a +3 ring of dexterity (right hand)
 O - a +2 ring of strength (left hand)
 R - an uncursed ring of protection from fire
 T - an uncursed ring of wizardry
 U - an amulet of faith (around neck)
 Z - an uncursed amulet of rage {unknown}
Wands
 k - a wand of acid (11)
 u - a wand of flame (42)
 N - a wand of polymorph (22)
Scrolls
 h - 4 scrolls of blinking
 p - 9 scrolls of teleportation
 x - 4 scrolls of remove curse
 z - 4 scrolls of enchant weapon
 E - 3 scrolls of enchant armour
 P - 2 scrolls of fear
 V - a scroll of magic mapping
Potions
 b - 2 potions of mutation
 e - a potion of flight
 i - a potion of heal wounds
 n - 2 potions of might
 o - 2 potions of haste
 r - a potion of curing
 t - a potion of cancellation
 w - a potion of brilliance {unknown}
 D - 2 potions of magic
 L - a potion of berserk rage {unknown}
 M - 2 potions of ambrosia
 X - a potion of agility {unknown}
 Y - 2 potions of lignification
Miscellaneous
 m - a plain deck of destruction
 A - a legendary deck of summoning
 Q - a legendary deck of destruction
 S - a plain deck of escape
 W - a sack of spiders
Comestibles
 c - 2 chunks of flesh
 f - 23 rations


   Skills:
 + Level 9.9 Fighting
 + Level 13.4 Polearms
 - Level 2.0 Throwing
 - Level 1.0 Armour
 + Level 12.0 Dodging
 - Level 0.4 Stealth
 + Level 9.9 Invocations
 + Level 4.9 Evocations


You had 5 spell levels left.
You knew the following spells:

 Your Spells              Type           Power        Failure   Level  Hunger
a - Summon Butterflies    Summ           #.......     43%         1    ##.....
b - Apportation           Tloc           #.....       43%         1    ##.....
c - Teleport Other        Tloc           #.......     82%         3    ####...


Dungeon Overview and Level Annotations

Branches:
Dungeon (9/15)             Temple (0/1) D:4            Lair (3/6) D:9
  Swamp: Lair:2-4    Shoals: Lair:2-4     Snake: Lair:2-4    Spider: Lair:2-4
    Orc: D:9-12

Altars:
Ashenzari
Cheibriados
Dithmenos
Elyvilon
Fedhas
Gozag
Hepliaklqana
Nemelex Xobeh
Okawaru
Qazlal
Ru
Trog
Vehumet
Xom
Yredelemnul

Shops:
D:6 (

Annotations:
D:2 2 transporters
D:3 1 runed door
D:6 2 transporters


Message History

You take 5 damage, and have 3/90 hp.
Deal from which deck? (? for menu, Esc to quit)
You deal a card...
It is the Storm.
A mighty gale blasts forth from the card!
The monsters around you are blown away!
You deal a card...
It is Pain.
You have dealt Pain.
Terrible wounds open up all over the hornet's body!
You deal a card...
It is Pain.
You have dealt Pain.
You deal a card...
It is Wild Magic.
The black mamba grows more vulnerable to poison.
There is a sudden explosion of magical energy!
The explosion engulfs the hornet.
The hornet dies!
The explosion engulfs the black mamba.
The black mamba dies!
Your Dodging skill increases to level 12!
You feel a surge of magic.
The deck of cards glows with a rainbow of weird colours and disappears.
You die...
Your body glows slightly and disappears.

#....................
#......†.............
#....................
##.............?.....
#######§''###...)...
######♣§§.=.8#######.
#♣P§§#♣§§§.....# #.
#P§§W'.W§§....<# #.
#§§E.@.§§P≈P...# #.
#§§§.♣♣§§§≈≈P.P# #.
##§§####♣###♣### #.
♣§§.# ≈SS≈≈ #. ♣§y.♣
.≈≈≈≈≈. #.
♣...#.♣.......+ #.
≈...♣ ....P...# #.
#≈≈..♣ ...# #. #≈≈..S
♣.


You could see 2 friendly flayed ghosts and a friendly air elemental.

Vanquished Creatures
  A spark wasp (Lair:3)
  A minotaur (Lab)
  A death yak (Lair:2)
  A black mamba (Lair:3)
  A spiny frog (Lair:1)
  3 komodo dragons
  A hornet (Lair:3)
  3 hippogriffs
  Sigmund (D:6)
  A human (D:8)
  2 hogs (D:8)
  2 basilisks
  A fire bat (D:8)
  7 yaks
  A steam dragon (D:5)
  A floating eye (D:9)
  8 water moccasins
  3 orc warriors
  4 porcupines
  A sky beast (D:7)
  A hornet zombie (D:8)
  3 ogres
  A centaur (D:6)
  12 crocodiles
  5 bullfrogs
  A gnoll sergeant (D:6)
  A scorpion (D:7)
  A howler monkey (D:4)
  A crimson imp (D:5)
  A quasit (D:7)
  A centaur zombie (D:7)
  2 hounds
  5 jellies
  7 orc wizards
  8 orc priests
  2 bullfrog skeletons
  Natasha (thrice) (D:3)
  3 iguanas
  3 worker ants
  A howler monkey zombie (D:6)
  A worker ant zombie (D:8)
  5 gnolls
  A howler monkey skeleton (D:5)
  8 adders
  A shadow imp (D:6)
  3 oozes
  An adder zombie (D:9)
  2 adder skeletons
  3 worms
  4 leopard geckos
  36 orcs
  6 giant cockroaches
  8 goblins
  9 hobgoblins
  13 jackals
  8 quokkas
  A ball python (D:2)
  16 bats
  7 frilled lizards
  6 kobolds
  A leopard gecko zombie (D:8)
  2 quokka skeletons
  2 quokka zombies
  5 rats
  A fungus (Lair:2)
  A plant (Lair:3)
257 creatures vanquished.

Vanquished Creatures (collateral kills)
  A lindwurm (Lair:2)
  The ghost of raph the Insei, an amateur GnTm of Zin (D:4)
  A yak (D:8)
  A hog (D:8)
  A scorpion (D:4)
  2 crimson imps (D:5)
  An orc priest (D:5)
  An orc wizard (D:5)
  A worker ant (D:5)
  A hound skeleton (D:5)
  A worker ant zombie (D:5)
  3 gnolls (D:5)
  3 adders
  A dart slug (D:5)
  5 orcs (D:5)
  A jackal (D:2)
25 creatures vanquished.

Vanquished Creatures (others)
  A black mamba (Lair:3)
  A hornet (Lair:3)
  A fungus (Lair:2)
  18 plants
21 creatures vanquished.

Grand Total: 303 creatures vanquished

Notes
Turn   | Place    | Note
-------+----------+-------------------------------------------
     0 | D:1      | zhorgal the Merfolk Gladiator began the quest for the Orb.
     0 | D:1      | Reached XP level 1. HP: 16/16 MP: 1/1
    37 | D:1      | Reached skill level 5 in Polearms
   134 | D:1      | Reached XP level 2. HP: 22/22 MP: 2/2
   711 | D:1      | Reached skill level 6 in Polearms
   711 | D:1      | Reached XP level 3. HP: 27/27 MP: 3/3
  1208 | D:2      | Found a sparkling altar of Nemelex Xobeh.
  1208 | D:2      | Found an opulent altar of Gozag.
  1220 | D:2      | Became a worshipper of Nemelex Xobeh the Trickster
  1542 | D:2      | Received a gift from Nemelex Xobeh
  1546 | D:2      | Reached XP level 4. HP: 34/34 MP: 4/4
  1592 | D:2      | Found a transporter.
  1593 | D:2      | Found a shimmering altar of Xom.
  1596 | D:2      | Noticed a two-headed ogre
  1703 | D:2      | Found a hazy altar of Hepliaklqana.
  1755 | D:2      | Reached skill level 1 in Invocations
  2140 | D:2      | Found a transporter.
  2428 | D:2      | Found a shattered altar of Ashenzari.
  2528 | D:2      | Reached XP level 5. HP: 19/41 MP: 6/6
  2768 | D:3      | Noticed Natasha
  2787 | D:3      | Killed Natasha
  2858 | D:3      | Noticed Natasha
  2867 | D:3      | Killed Natasha
  2867 | D:3      | Reached skill level 5 in Dodging
  3041 | D:3      | Noticed Natasha
  3091 | D:3      | Killed Natasha
  3195 | D:3      | Reached XP level 6. HP: 36/47 MP: 7/7
  3407 | D:3      | Reached * piety under Nemelex Xobeh
  3544 | D:3      | Found a runed door.
  3603 | D:4      | Reached skill level 7 in Polearms
  3710 | D:4      | Found a blossoming altar of Fedhas.
  3973 | D:4      | Received a gift from Nemelex Xobeh
  3982 | D:4      | Noticed raph's ghost (amateur GnTm)
  3992 | D:4      | Killed raph's ghost
  3992 | D:4      | Reached XP level 7. HP: 54/54 MP: 9/9
  4047 | D:4      | Found a staircase to the Ecumenical Temple.
  4532 | D:5      | Entered Level 5 of the Dungeon
  4710 | D:4      | Reached skill level 8 in Polearms
  5108 | D:5      | Found a shadowy altar of Dithmenos.
  5145 | D:5      | Reached ** piety under Nemelex Xobeh
  5320 | D:5      | Noticed a steam dragon
  5637 | D:5      | Reached skill level 5 in Fighting
  5637 | D:5      | Reached XP level 8. HP: 39/62 MP: 11/11
  6260 | D:5      | Found a snail-covered altar of Cheibriados.
  6547 | D:6      | Reached skill level 9 in Polearms
  6550 | D:6      | Reached skill level 5 in Invocations
  6805 | D:6      | Found Ysaqoaku's Weapon Shop.
  6884 | D:6      | Found a white marble altar of Elyvilon.
  7084 | D:6      | Got a fine flail {pain}
  7119 | D:6      | Received a gift from Nemelex Xobeh
  7127 | D:6      | Found a transporter.
  7198 | D:6      | Found a transporter.
  7320 | D:6      | Noticed Sigmund
  7330 | D:6      | Killed Sigmund
  7392 | D:6      | Reached skill level 1 in Armour
  7638 | D:6      | Reached XP level 9. HP: 67/69 MP: 13/13
  7809 | D:7      | Found a stormy altar of Qazlal.
  7814 | D:7      | Received a gift from Nemelex Xobeh
  8562 | D:7      | Reached skill level 10 in Polearms
  9087 | D:7      | Found a basalt altar of Yredelemnul.
  9091 | D:7      | Found a bloodstained altar of Trog.
  9092 | D:7      | Found an iron altar of Okawaru.
  9248 | D:8      | Reached *** piety under Nemelex Xobeh
  9270 | D:8      | Received a gift from Nemelex Xobeh
  9573 | D:8      | Noticed Psyche
  9574 | D:8      | Noticed Psyche
  9574 | D:8      | Psyche changed into Psyche the fire bat
  9580 | D:8      | Killed Psyche the fire bat
  9827 | D:8      | Found a sacrificial altar of Ru.
 10015 | D:8      | Received a gift from Nemelex Xobeh
 10055 | D:8      | Found a radiant altar of Vehumet.
 10114 | D:8      | Reached skill level 11 in Polearms
 10122 | D:8      | Reached XP level 10. HP: 60/80 MP: 15/15
 10387 | D:9      | Reached skill level 10 in Dodging
 11070 | D:9      | Found a staircase to the Lair.
 11406 | D:9      | Reached **** piety under Nemelex Xobeh
 11484 | D:9      | Noticed a two-headed ogre
 11486 | D:9      | a two-headed ogre changed into a floating eye
 11546 | D:9      | Received a gift from Nemelex Xobeh
 11680 | D:9      | Reached skill level 1 in Evocations
 12032 | Lair:1   | Entered Level 1 of the Lair of Beasts
 12142 | Lair:1   | Found a labyrinth entrance.
 12149 | Lab      | Entered a labyrinth
 12250 | Lab      | Noticed a minotaur
 12276 | Lab      | Killed a minotaur
 12276 | Lab      | Reached skill level 12 in Polearms
 12291 | Lab      | Identified the Disquisition on Feathery Displacement
 12544 | Lab      | Got a brightly glowing long sword
 12565 | Lab      | Learned a level 1 spell: Summon Butterflies
 12567 | Lab      | Learned a level 1 spell: Apportation
 12571 | Lab      | Learned a level 3 spell: Teleport Other
 12612 | Lair:1   | Noticed a spiny frog
 12634 | Lair:1   | Killed a spiny frog
 12634 | Lair:1   | Reached XP level 11. HP: 30/87 MP: 17/17
 13354 | Lair:1   | Received a gift from Nemelex Xobeh
 13767 | Lair:1   | Noticed a four-headed hydra
 14100 | Lair:2   | Noticed a lindwurm
 14262 | Lair:2   | Identified the +2 long sword of Untimely Demise {freeze, Fragile Int+9 SInv} (You found it in a labyrinth)
 14264 | Lair:2   | Reached ***** piety under Nemelex Xobeh
 14467 | Lair:2   | Received a gift from Nemelex Xobeh
 14659 | Lair:2   | Noticed a death yak
 14659 | Lair:2   | a four-headed hydra changed into a death yak
 14672 | Lair:2   | Killed a death yak
 14968 | Lair:2   | Noticed a lindwurm
 14977 | Lair:2   | Noticed a lindwurm
 14978 | Lair:2   | Noticed a lindwurm
 14992 | Lair:2   | Killed a lindwurm
 15506 | Lair:3   | Reached skill level 13 in Polearms
 15532 | Lair:3   | Received a gift from Nemelex Xobeh
 15803 | Lair:3   | Noticed a six-headed hydra
 15806 | Lair:3   | Noticed a spark wasp
 15806 | Lair:3   | a six-headed hydra changed into a spark wasp
 15815 | Lair:3   | Killed a spark wasp
 15952 | Lair:3   | Paralysed by a hornet for 2 turns
 16083 | Lair:3   | HP: 3/90 [poisoned by a black mamba]
 16084 | Lair:3   | Succumbed to a black mamba's poison

Skill      XL: |  1  2  3  4  5  6  7  8  9 10 11 |
---------------+----------------------------------+-----
Polearms       | 5 6 7 8 9 11 12 13 | 13.4
Invocations    | 1 2 3 4 5 7 8 9 |  9.9
Fighting       | 3 4 5 6 7 8 9 |  9.9
Dodging        | 5 6 8 9 10 12 | 12.0
Armour         | 1 |  1.0
Evocations     | 2 4 |  4.9
Throwing       | |  2.0
Stealth        | |  0.4

Action                   |  1- 3 |  4- 6 |  7- 9 | 10-12 || total
-------------------------+-------+-------+-------+-------++-------
Melee: Trident           |   157 |   204 |   129 |     3 ||   493
       Halberd           |       |       |   352 |   361 ||   713
Throw: Tomahawk          |       |       |     1 |     7 ||     8
Invok: Deal Four         |       |       |       |     1 ||     1
Evoke: Deck              |       |     3 |     5 |    19 ||    27
       Wand              |       |     5 |     2 |    10 ||    17
  Use: Scroll            |     1 |     3 |    14 |     7 ||    25
       Potion            |       |     2 |     4 |     3 ||     9
 Stab: Distracted        |       |     2 |       |       ||     2
       Sleeping          |       |       |       |     1 ||     1
  Eat: Chunk             |     2 |     8 |    20 |    12 ||    42
       Ration            |       |       |       |     2 ||     2
Armor: Leather armour    |    27 |    34 |       |    36 ||    97
       Chain mail        |       |     8 |   203 |    34 ||   245
       Scale mail        |       |       |    11 |       ||    11
Dodge: Dodged            |    97 |   104 |   209 |   221 ||   631
